 Dungeon Crawl Stone Soup version 0.31-a0-164-g2312942fda (webtiles) character file.

Game seed: 9097192844121478409

37 qw the Shooter (level 3, 0/21 HPs)
             Began as a Gargoyle Hunter on June 13, 2023.
             Slain by a gnoll
             ... wielding a +0 halberd
              (12 damage)
             ... on level 2 of the Dungeon.
             The game lasted 00:00:16 (651 turns).

qw the Shooter (Gargoyle Hunter)                     Turns: 651, Time: 00:00:17

Health: 0/21       AC:  8    Str: 20    XL:     3   Next: 41%
Magic:  3/3        EV: 11    Int:  9    God:
Gold:   60         SH:  0    Dex: 15    Spells: 2/2 levels left

rFire   . . .        Y - +0 shortbow
rCold   . . .        (shield currently unavailable)
rNeg    + . .        e - +0 ring mail
rPois   inf          (no helmet)
rElec   +            (no cloak)
rCorr   .            (no gloves)
SInv    .            (no boots)
Will    .....        (no amulet)
Stlth   +            k - +6 ring of strength
HPRegen 0.23/turn    (no ring)
MPRegen 0.08/turn

%: no passive effects
@: hasted (expiring), very quick
A: sickness immunity, AC +3, negative energy resistance 1, electricity
resistance, torment resistance 1, petrification resistance
a: no special abilities


You were on level 2 of the Dungeon.
You visited 1 branch of the dungeon, and saw 2 of its levels.

You collected 60 gold pieces.


Innate Abilities, Weirdness & Mutations

You are immune to sickness and miasma.
Your stone body is resilient. (AC +3)
You are immune to poison.
You resist negative energy. (rN+)
You are resistant to electric shocks. (rElec)
You are resistant to unholy torment.
You are immune to petrification.


   Skills:
 + Level 2.1 Fighting
 - Level 5.0 Ranged Weapons
 - Level 1.0 Armour
 - Level 1.5 Dodging
 - Level 1.1 Stealth


You had 2 spell levels left.
You didn't know any spells.
Your spell library was empty.

Inventory:

Hand Weapons
 Y - a +0 shortbow (weapon)
Armour
 e - a +0 ring mail (worn)
Jewellery
 k - a +6 ring of strength (left hand)
Potions
 g - a potion of haste
 h - a potion of curing {unknown}

Dungeon Overview and Level Annotations

Branches:
Dungeon (2/15)

Altars:

Shops:
D:1 *


Message History

A gnoll comes into view. It is wielding a +0 whip.
The gnoll shouts!
You shoot an arrow.
The arrow hits the gnoll but does no damage.
You shoot an arrow. The arrow closely misses the gnoll.
A gnoll comes into view. It is wielding a +0 halberd.
A gnoll comes into view. It is wielding a +0 spear.
You shoot an arrow. The gnoll shouts! x2
The arrow hits the gnoll.
The gnoll is moderately wounded.
You shoot an arrow. The arrow completely misses the gnoll.
The arrow hits the gnoll but does no damage.
You shoot an arrow. The arrow hits the gnoll.
The gnoll is almost dead.
Your extra speed is starting to run out.
A rat comes into view.
You shoot an arrow. The arrow hits the gnoll.
The gnoll is almost dead.
You shoot an arrow. The arrow hits the gnoll.
You kill the gnoll!
Your Armour skill increases to level 1!
You shoot an arrow.
The arrow hits the gnoll but does no damage.
The gnoll hits you but does no damage.
You shoot an arrow. The arrow hits the gnoll.
The gnoll is lightly wounded.
The gnoll hits you from afar with a +0 halberd.
The gnoll hits you from afar with a +0 spear.
You shoot an arrow. The arrow closely misses the gnoll.
The arrow closely misses the rat.
You shoot an arrow. The arrow closely misses the gnoll.
The arrow hits the rat but does no damage.
The gnoll closely misses you. The gnoll barely misses you.
You shoot an arrow. The arrow barely misses the gnoll.
The arrow closely misses the rat.
The gnoll hits you but does no damage.
The gnoll hits you from afar with a +0 halberd!
Ouch! That really hurt!
You die... ~P.# # #..# .# #..# .. #..##. #.r.. .gg

#># ##@#
##..#
####...##
+>.....<##
####..#..#
##....#
####.# #.#
#.#


You could see 2 gnolls and a rat.

Vanquished Creatures
  A gnoll (D:2)
  3 dart slugs (D:1)
  2 bats (D:1)
  2 endoplasms (D:1)
  3 giant cockroaches (D:1)
  4 goblins (D:1)
  A hobgoblin (D:1)
  2 frilled lizards (D:1)
  A kobold (D:1)
  2 rats (D:1)
21 creatures vanquished.

Notes
Turn   | Place    | Note
-------+----------+-------------------------------------------
     0 | D:1      | qw the Gargoyle Hunter began the quest for the Orb.
     0 | D:1      | Reached XP level 1. HP: 12/12 MP: 1/1
     0 | D:1      | 0 ||| qw: Version: 0.2-a-29-gc1b59c4
     0 | D:1      | 0 ||| qw: Game counter: 4479
     0 | D:1      | 0 ||| qw: Always use a shield: true
     0 | D:1      | 0 ||| qw: God list: Okawaru
     0 | D:1      | 0 ||| qw: Allow faded altars: false
     0 | D:1      | 0 ||| qw: Do Orc after D:15 true
     0 | D:1      | 0 ||| qw: Do second Lair branch before Depths: true
     0 | D:1      | 0 ||| qw: Lair rune preference: random
     0 | D:1      | 0 ||| qw: Plans: Normal, Zot:1-4, Slime:5, God:TSO, Crypt,
                  | Tomb, Abyss, Pan, Hells, Win
     0 | D:1      | 0 ||| PLANNING D:1-11
    78 | D:1      | Reached XP level 2. HP: 17/17 MP: 2/2
   140 | D:1      | Found Syulaul's Assorted Antiques.
   147 | D:1      | 147 ||| SHOPLISTING 2 fizzy silvery potions (46 gold, have
                  | 20).
   147 | D:1      | 147 ||| SHOPLISTING gluggy blue potion (23 gold, have 20).
   147 | D:1      | 147 ||| SHOPLISTING murky red potion (23 gold, have 20).
   147 | D:1      | 147 ||| SHOPLISTING scroll labelled VOMEAS ATTUDUK (26
                  | gold, have 20).
   322 | D:1      | Reached XP level 3. HP: 21/21 MP: 3/3
   563 | D:1      | Reached skill level 5 in Ranged Weapons
   592 | D:1      | 592 ||| UPGRADING to +0 ring mail.
   602 | D:1      | 602 ||| DROPPING +0 leather armour.
   603 | D:1      | 603 ||| UPGRADING to +6 ring of strength.
   604 | D:1      | 604 ||| READING scroll labelled EKLYRU COPH.
   605 | D:1      | 605 ||| READING scroll labelled PICIRY PEYSTO.
   606 | D:1      | 606 ||| READING scroll labelled KEIRCHA JIUTS.
   607 | D:1      | 607 ||| READING scroll labelled HOM JULIF QUH UNO.
   608 | D:1      | 608 ||| READING scroll labelled JAOKHLIUSAPP.
   609 | D:1      | 609 ||| DRINKING 2 puce potions.
   610 | D:1      | 610 ||| DROPPING scroll of butterflies.
   647 | D:2      | Reached skill level 1 in Armour
   651 | D:2      | Slain by a gnoll

Levels and vault maps discovered:
D:1:      dpeg_arrival_short_road, layout_basic, serial_shops,
          nicolae_shop_pleasant_corner_grove, minmay_misc_feat_more_columns
D:2:      layout_loops_corners, shapermc_ecumenical_altar_totnotflames,
          serial_bayou, serial_bayou_ford_a, serial_bayou_pond_a,
          serial_bayou_pond_e, serial_bayou_lagoon_b, serial_bayou_lagoon_a

Skill      XL: |  1  2  3 |
---------------+----------+-----
Ranged Weapons | 5 |  5.0
Armour         | 1 |  1.0
Fighting       | |  2.1
Dodging        | |  1.5
Stealth        | |  1.1

Action                     || total
---------------------------++-------
   Fire: Shortbow          ||    52
    Use: Scroll            ||     5
         Potion            ||     1
 Armour: Leather armour    ||     6
         Ring mail         ||     2
  Dodge: Dodged            ||    11

Table legend:
 A = Non-vault XP
 B = Vault XP
 C = Vault XP percentage of total XP
 D = Non-vault monster count
 E = Vault monster count
 F = Vault count percentage of total count
                 A         B        C        D         E       F
            +---------+---------+-------+---------+---------+-------
      Total |      54 |       0 |   0.0 |      21 |       0 |   0.0
            +---------+---------+-------+---------+---------+-------
        D:1 |      40 |       0 |   0.0 |      20 |       0 |   0.0
        D:2 |      14 |       0 |   0.0 |       1 |       0 |   0.0
            +---------+---------+-------+---------+---------+-------
